 Dungeon Crawl Stone Soup version 0.21.0-25-ge575cb9 (webtiles) character file.

74 Monsterracer the Ducker (level 4, -2/40 HPs)
             Began as a Minotaur Gladiator on Jan 26, 2018.
             Slain by a gnoll
             ... wielding a +0 flail
              (11 damage)
             ... on level 3 of the Dungeon.
             The game lasted 00:06:40 (3573 turns).

Monsterracer the Ducker (Minotaur Gladiator)        Turns: 3573, Time: 00:06:41

Health: -2/40      AC:  5    Str: 19    XL:     4   Next: 9%
Magic:  3/3        EV: 13    Int:  5    God:
Gold:   120        SH:  0    Dex: 12    Spells: 3/3 levels left

rFire    . . .     SeeInvis .   a - +0 long sword {!a}
rCold    . . .     Gourm    .   (no shield)
rNeg     . . .     Faith    .   e - +0 ring mail
rPois    .         Spirit   .   f - +0 hat
rElec    .         Reflect  .   (no cloak)
rCorr    .         Harm     .   (no gloves)
MR       .....                  (no boots)
Stlth    +.........             (no amulet)
HPRegen  0.13/turn              (no ring)
MPRegen  0.08/turn              (no ring)

@: no status effects
A: retaliatory headbutt, horns 2
a: no special abilities


You were on level 3 of the Dungeon.
You were not hungry.

You visited 1 branch of the dungeon, and saw 3 of its levels.

You collected 120 gold pieces.

Inventory:

Hand Weapons
 a - a +0 long sword (weapon) {!a}
Missiles
 d - 5 throwing nets (quivered)
Armour
 e - a +0 ring mail (worn)
 f - a +0 hat (worn)
Scrolls
 b - a scroll of amnesia {unknown}
 g - a scroll of magic mapping {unknown}
 h - a scroll of immolation {unknown}
 i - 3 scrolls of remove curse
 j - a scroll of identify {unknown}
 k - a scroll of teleportation {unknown}
Potions
 l - a potion of mutation {unknown}
Comestibles
 c - 7 rations


   Skills:
 + Level 3.7 Fighting
 - Level 3.6 Long Blades
 - Level 2.0 Throwing
 + Level 4.8 Dodging


You had 3 spell levels left.
You didn't know any spells.

Dungeon Overview and Level Annotations

Branches:
Dungeon (3/15)

Altars:
Vehumet


Innate Abilities, Weirdness & Mutations

You reflexively headbutt those who attack you in melee.
You have a pair of horns on your head.


Message History

The orc shouts!
The bat closely misses you. The rat barely misses you. You furiously retaliate!
You headbutt the rat.
You kill the rat!
An orc comes into view. It is wielding a short sword.
The bat hits you but does no damage. The bat misses you.
You furiously retaliate!
You headbutt the bat. The bat misses you.
You riposte.
You hit the bat.
The bat is severely wounded.
The bat hits you but does no damage. x2
An orc comes into view.
The orc shouts!
The bat closely misses you. The bat hits you but does no damage.
The orc closely misses you. You furiously retaliate!
You headbutt the orc.
You see here a rat corpse.
You butcher the rat corpse.
The orc hits you with a short sword.
You see here a chunk of flesh.
You take 6 damage, and have 25/31 hp.
m - a chunk of flesh The bat misses you.
You furiously retaliate!
You headbutt the bat!
You kill the bat!
The orc hits you with a short sword. The orc closely misses you.
You furiously retaliate!
You headbutt the orc!
You kill the orc!
You take 1 damage, and have 24/31 hp.
There is a stone staircase leading up here.
The orc hits you with a short sword.
You take 4 damage, and have 20/31 hp.
The orc hits you. The orc barely misses you.
You take 4 damage, and have 16/31 hp.
The orc closely misses you. x2; You furiously retaliate!
You headbutt the orc!
You kill the orc!
Eat a chunk of flesh? (ye/n/q)
You eat the chunk of flesh.
This raw flesh tastes terrible.
The orc closely misses you. The orc barely misses you. You furiously retaliate!
You headbutt the orc!
You kill the orc!
You hear the slow rusting of a very distant drain.
You are feeling hungry.
You regained 7 hp, and now have 23/31 hp.
You hear the slow rusting of a very distant drain.
You hear the slow rusting of a very distant drain.
HP restored.
Items here: ) [[ † a chain mail; a short sword; a ring mail; an orc corpse You butcher the orc corpse.
m - a chunk of flesh
Things that are here:
a chain mail; a short sword; a ring mail
Things that are here:
a chain mail; a short sword; a ring mail Eating a chunk of flesh.
You eat the chunk of flesh.
This raw flesh tastes terrible.
Found 26 arrows.
Health restored: 31
Found a radiant altar of Vehumet.
Found a stone staircase leading down.
You now have 120 gold pieces (gained 14).
A gnoll comes into view. It is wielding a flail.
The gnoll shouts!
You hear a shout! 2 gnolls come into view.
The gnoll shouts! x2
You see here 2 throwing nets.
d - 5 throwing nets (gained 2)
The gnoll barely misses you.
You riposte.
You slash the gnoll!
The gnoll is severely wounded.
The gnoll hits you with a flail.
You take 5 damage, and have 26/31 hp.
You hear the rusting of a distant drain.
The gnoll closely misses you. You furiously retaliate!
You headbutt the gnoll.
You riposte.
You hit the gnoll but do no damage.
The gnoll is almost dead.
The gnoll hits you with a flail.
You take 4 damage, and have 23/31 hp.
The gnoll closely misses you.
You riposte.
You completely miss the gnoll. Your headbutt misses the gnoll.
The gnoll hits you with a flail.
You take 4 damage, and have 20/31 hp.
The gnoll hits you but does no damage. The gnoll completely misses you.
The gnoll closely misses you. You furiously retaliate!
You headbutt the gnoll. The gnoll hits you with a club.
You take 3 damage, and have 18/31 hp.
The gnoll hits you with a club!
* * * LOW HITPOINT WARNING * * *
You take 7 damage, and have 11/31 hp.
MASSIVE DAMAGE!!
The gnoll misses you.
You riposte.
You hit the gnoll.
The gnoll is severely wounded.
The gnoll hits you but does no damage. The gnoll closely misses you.
You furiously retaliate!
You headbutt the gnoll!
You kill the gnoll!
You have reached level 4!
You feel stronger.
You regained 4 hp, and now have 15/40 hp.
MP restored: 3 The gnoll hits you with a flail.
* * * LOW HITPOINT WARNING * * *
You take 6 damage, and have 9/40 hp.
The gnoll hits you with a flail!
You die...

#...........(.##...##g..#
#.....###.#......_......#
######.....#....#..##...##....
.........#.#.#..#..###.###....
######..#.#.##.#..###.# #....
#.......#.#.#................
#.#.....#.#.............
#.#.....#.####...####.#.#
#..)[#..#...@gg..# ..#
###<.#..########>.... .
##.#.... ..#### ..#.#### ###
###.# ... .#


You could see 2 gnolls.

Vanquished Creatures
  A gnoll (D:3)
  An adder (D:2)
  2 worms (D:2)
  3 dart slugs (D:1)
  3 orcs (D:3)
  5 goblins
  3 hobgoblins
  4 jackals (D:2)
  A quokka (D:2)
  4 bats
  3 frilled lizards
  6 kobolds
  5 rats
41 creatures vanquished.

Notes
Turn   | Place    | Note
-------+----------+-------------------------------------------
     0 | D:1      | Monsterracer the Minotaur Gladiator began the quest for the Orb.
     0 | D:1      | Reached XP level 1. HP: 18/18 MP: 0/0
   372 | D:1      | Reached XP level 2. HP: 25/25 MP: 1/1
   643 | D:1      | Reached skill level 4 in Dodging
  1615 | D:2      | Reached XP level 3. HP: 30/31 MP: 2/2
  1754 | D:2      | HP: 14/31 [worm (9)]
  2068 | D:2      | HP: 15/31 [poisoned by an adder]
  2073 | D:2      | HP: 13/31 [poisoned by an adder]
  2078 | D:2      | HP: 10/31 [poisoned by an adder]
  2085 | D:2      | HP: 7/31 [poisoned by an adder]
  2089 | D:2      | HP: 3/31 [poisoned by an adder]
  3517 | D:3      | Found a radiant altar of Vehumet.
  3567 | D:3      | HP: 11/31 [gnoll/club (7)]
  3570 | D:3      | Reached XP level 4. HP: 15/40 MP: 3/3
  3572 | D:3      | HP: 9/40 [gnoll/flail (6)]
  3573 | D:3      | Slain by a gnoll

Skill      XL: |  1  2 |
---------------+-------+-----
Fighting       | 3 |  3.7
Dodging        | 4 |  4.8
Long Blades    | |  3.6
Throwing       | |  2.0

Action                   |  1- 3 |  4- 6 || total
-------------------------+-------+-------++-------
Melee: Headbutt          |     8 |       ||     8
  Use: Scroll            |     1 |       ||     1
       Potion            |     1 |       ||     1
  Eat: Chunk             |     8 |       ||     8
Armor: Leather armour    |    21 |       ||    21
       Ring mail         |    21 |       ||    21
Dodge: Dodged            |   147 |       ||   147
       Rpst.: Long sword |    43 |       ||    43

Vault maps used:
D:1:      minmay_arrival_four_loops
D:2:      first_ration
D:3:      bloody_trog, nicolae_overflow_crystal_walls, portal_sewer_entry_b
